 Dungeon Crawl Stone Soup version 0.30.0-15-g856e2d3f33 (webtiles) character file.

Game seed: 4051412255864940833

158 qw the Chopper (level 5, 0/32 HPs)
             Began as a Gargoyle Fighter on May 20, 2023.
             Killed by nerve-wracking pain
             ... invoked by an orc priest
              (3 damage)
             ... on level 3 of the Dungeon.
             The game lasted 00:01:15 (2501 turns).

qw the Chopper (Gargoyle Fighter)                   Turns: 2501, Time: 00:01:15

Health: 0/32       AC: 10    Str: 23    XL:     5   Next: 40%
Magic:  5/5        EV:  9    Int:  9    God:
Gold:   170        SH:  4    Dex:  9    Spells: 4/4 levels left

rFire   . . .        j - +5 war axe of Dishonour {freeze, rPois rC+ rN+ Will- Str+2}
rCold   + . .        c - +0 buckler
rNeg    + + .        b - +0 scale mail
rPois   inf          (no helmet)
rElec   +            (no cloak)
rCorr   .            (no gloves)
SInv    .            (no boots)
Will    .....        (no amulet) Stlth
                     (no ring)
HPRegen 0.25/turn    (no ring)
MPRegen 0.09/turn

%: no passive effects
@: no status effects
A: sickness immunity, AC +4, negative energy resistance 1, electricity
resistance, torment resistance 1, petrification resistance
a: no special abilities


You were on level 3 of the Dungeon.
You visited 1 branch of the dungeon, and saw 3 of its levels.

You collected 170 gold pieces.


Innate Abilities, Weirdness & Mutations

You are immune to sickness and miasma.
Your stone body is resilient. (AC +4)
You are immune to poison.
You resist negative energy. (rN+)
You are resistant to electric shocks. (rElec)
You are resistant to unholy torment.
You are immune to petrification.


   Skills:
 - Level 3.2 Fighting
 - Level 5.0 Axes
 - Level 3.2 Armour
 + Level 0.0 Dodging
 - Level 3.2 Shields


You had 4 spell levels left.
You didn't know any spells.
Your spell library was empty.

Inventory:

Hand Weapons
 g - a +1 mace of protection
 j - the +5 war axe of Dishonour (weapon) {freeze, rPois rC+ rN+ Will- Str+2}
   (You found it on level 3 of the Dungeon)

   Str:       It affects your strength (+2).
   rC:        It protects you from cold.
   rPois:     It protects you from poison.
   rN:        It protects you from negative energy.
   Will:      It decreases your willpower.
Armour
 b - a +0 scale mail (worn)
 c - a +0 buckler (worn)
 f - a +0 helmet
Jewellery
 k - a ring of see invisible
Scrolls
 l - a scroll of torment {unknown}
 m - a scroll of vulnerability {unknown}
 n - a scroll of silence {unknown}
Potions
 a - a potion of haste {unknown}
 d - a potion of might
 e - a potion of magic {unknown}
 h - 2 potions of curing
 i - a potion of ambrosia {unknown}

Dungeon Overview and Level Annotations

Branches:
Dungeon (3/15)

Altars:

Shops:
D:1 =


Message History

The orc wizard hits you with a +0 dagger.
An orc comes into view. It is wielding a +0 hand axe.
You hear a shout!
You slash the orc wizard! You freeze the orc wizard.
You kill the orc wizard!
An orc comes into view. It is wielding a +0 dagger.
Something hits you but does no damage.
Things that are here:
a +0 dagger; a +0 robe; an orc corpse You closely miss the orc.
You barely miss something. The orc hits you but does no damage.
You barely miss the orc. You barely miss something. The orc barely misses you.
The orc priest invokes the aid of Beogh against you.
Beogh smites you! You block something's attack.
You hit the orc. You freeze the orc.
The orc is almost dead.
You hit the orc. You freeze the orc. You closely miss something.
The orc closely misses you.
The orc priest calls down the wrath of Beogh upon you.
Beogh smites you!
You hear some strange, mumbled words.
Something tries to affect you, but you resist.
You block the orc's attack. The orc hits you but does no damage.
Something hits you but does no damage. The orc hits you with a +0 hand axe.
You closely miss the orc.
The orc is almost dead.
You barely miss the orc. You miss something.
The orc hits you but does no damage.
You slash the orc! You freeze the orc.
You kill the orc!
You slash the orc! You freeze the orc.
You kill the orc!
You miss something.
The orc priest calls down the wrath of Beogh upon you.
Your Axes skill increases to level 5!
Something hits you but does no damage.
The orc priest mumbles some strange prayers to Beogh against you.
Pain shoots through your body!
You die...

############ #..........#
.##.....#.# ####### #.....#.#
#.))..#.##.....#.###
+.)@o....+...>.#...#
##.##..#.##.....###.#
#...#..# +.....# #.. ##.##..#
#.....##### ##.##..#
#.........# #...#..#
#......##.#
##########.########......##..
........##.##............####
........#...#................


You could see an orc priest.

Vanquished Creatures
  An orc wizard (D:3)
  Robin (D:3)
  3 adders
  2 worms
  4 dart slugs
  3 orcs (D:3)
  3 bats
  6 endoplasms
  A giant cockroach (D:1)
  10 goblins
  10 hobgoblins
  5 quokkas
  8 ball pythons
  6 frilled lizards
  8 kobolds
  9 rats
80 creatures vanquished.

Notes
Turn   | Place    | Note
-------+----------+-------------------------------------------
     0 | D:1      | qw the Gargoyle Fighter began the quest for the Orb.
     0 | D:1      | Reached XP level 1. HP: 14/14 MP: 1/1
     0 | D:1      | 0 ||| qw: Version: 0.2-a-97-g6b18286
     0 | D:1      | 0 ||| qw: Game counter: 9
     0 | D:1      | 0 ||| qw: Always use a shield: true
     0 | D:1      | 0 ||| qw: God list: Okawaru
     0 | D:1      | 0 ||| qw: Allow faded altars: false
     0 | D:1      | 0 ||| qw: Do Orc after D:15 true
     0 | D:1      | 0 ||| qw: Do second Lair branch before Depths: true
     0 | D:1      | 0 ||| qw: Lair rune preference: random
     0 | D:1      | 0 ||| qw: Plans: Normal, Zot:1-4, God:TSO, Crypt, Tomb,
                  | Pan, Slime:5, Hells, Abyss, Win
     0 | D:1      | 0 ||| PLANNING D:1-11
    90 | D:1      | Found Osso's Jewellery Emporium.
    92 | D:1      | 92 ||| SHOPLISTING +6 ring of dexterity (432 gold, have 8).
    92 | D:1      | 92 ||| SHOPLISTING amulet "Idoam" {Faith rPois Will++ Dex-4
                  | Slay+2} (782 gold, have 8).
    92 | D:1      | 92 ||| SHOPLISTING amulet of reflection (360 gold, have 8).
    92 | D:1      | 92 ||| SHOPLISTING amulet of regeneration (360 gold, have
                  | 8).
    92 | D:1      | 92 ||| SHOPLISTING ring of ice (300 gold, have 8).
    92 | D:1      | 92 ||| SHOPLISTING ring of positive energy (240 gold, have
                  | 8).
    92 | D:1      | 92 ||| SHOPLISTING ring of protection from fire (300 gold,
                  | have 8).
   108 | D:1      | Reached skill level 2 in Axes
   190 | D:1      | Reached XP level 2. HP: 12/19 MP: 2/2
   295 | D:1      | 295 ||| Stepping ~*~*~tactically~*~*~ (hiding).
   405 | D:1      | 405 ||| Stepping ~*~*~tactically~*~*~ (hiding).
   406 | D:1      | 406 ||| Stepping ~*~*~tactically~*~*~ (hiding).
   548 | D:1      | 548 ||| Stepping ~*~*~tactically~*~*~ (stealth).
   602 | D:1      | 602 ||| Stepping ~*~*~tactically~*~*~ (stealth).
   680 | D:1      | Reached skill level 3 in Axes
   731 | D:1      | Reached XP level 3. HP: 23/23 MP: 3/3
   759 | D:1      | 759 ||| Stepping ~*~*~tactically~*~*~ (hiding).
   773 | D:1      | 773 ||| Stepping ~*~*~tactically~*~*~ (stealth).
   976 | D:1      | 976 ||| READING scroll labelled VYOMMO KAEWACIE.
  1078 | D:2      | 1078 ||| Stepping ~*~*~tactically~*~*~ (hiding).
  1082 | D:2      | 1082 ||| Stepping ~*~*~tactically~*~*~ (hiding).
  1085 | D:2      | 1085 ||| Stepping ~*~*~tactically~*~*~ (hiding).
  1087 | D:2      | 1087 ||| Stepping ~*~*~tactically~*~*~ (hiding).
  1324 | D:2      | Reached XP level 4. HP: 28/28 MP: 4/4
  1428 | D:2      | 1428 ||| Stepping ~*~*~tactically~*~*~ (hiding).
  1622 | D:2      | 1622 ||| Stepping ~*~*~tactically~*~*~ (stealth).
  1623 | D:2      | 1623 ||| Stepping ~*~*~tactically~*~*~ (stealth).
  1628 | D:2      | 1628 ||| Stepping ~*~*~tactically~*~*~ (stealth).
  1629 | D:2      | 1629 ||| Stepping ~*~*~tactically~*~*~ (stealth).
  1818 | D:2      | 1818 ||| Stepping ~*~*~tactically~*~*~ (hiding).
  1824 | D:2      | Reached skill level 4 in Axes
  2111 | D:2      | 2111 ||| READING scroll labelled YQUF EMANWAZE.
  2116 | D:2      | 2116 ||| READING scroll labelled HEEXIEMMA VICK.
  2117 | D:2      | 2117 ||| READING scroll labelled AJITWA AVEIRIXZURCH.
  2118 | D:2      | 2118 ||| READING scroll labelled SOEREN RAPAI.
  2119 | D:2      | 2119 ||| DRINKING 2 ruby potions.
  2163 | D:3      | Noticed Robin
  2169 | D:3      | HP: 7/28 [Robin/goblin (3)]
  2171 | D:3      | Killed Robin
  2173 | D:3      | Reached XP level 5. HP: 6/32 MP: 5/5
  2175 | D:3      | HP: 6/32 [rat (1)]
  2310 | D:3      | Identified the +5 war axe of Dishonour {freeze, rPois rC+
                  | rN+ Will- Str+2}
  2312 | D:3      | 2312 ||| SWAPPING to +5 war axe of Dishonour {freeze, rPois
                  | rC+ rN+ Will- Str+2}.
  2313 | D:3      | 2313 ||| DROPPING +0 war axe.
  2498 | D:3      | HP: 5/32 [orc priest/divine providence (10)]
  2498 | D:3      | HP: 2/32 [orc/+0 hand axe (3)]
  2501 | D:3      | Reached skill level 5 in Axes
  2501 | D:3      | Killed from afar by an orc priest

Levels and vault maps discovered:
D:1:      scummos_arrival_simple_fountains, layout_basic, serial_shops,
          nicolae_shop_gaudy_bauble
D:2:      layout_basic, ebering_dispersal_statue_hall, st_stairs_5,
          minivault_26, kennysheep_generic_room_16
D:3:      layout_basic, mainiacjoe_overflow_paths, st_stairs_1, hex_tiny,
          kennysheep_flooded_box, amcnicky_mini_corridor_feature, uniq_robin,
          uniq_terence

Skill      XL: |  1  2  3  4  5 |
---------------+----------------+-----
Axes           | 2 3 4 5 |  5.0
Fighting       | |  3.2
Armour         | |  3.2
Shields        | |  3.2

Action                     |  1- 3 |  4- 6 || total
---------------------------+-------+-------++-------
  Melee: War axe           |    99 |    62 ||   161
    Use: Scroll            |     1 |     4 ||     5
         Potion            |       |     1 ||     1
 Armour: Scale mail        |    29 |    36 ||    65
  Dodge: Dodged            |    49 |    31 ||    80
  Block: Buckler           |    10 |    18 ||    28

Table legend:
 A = Non-vault XP
 B = Vault XP
 C = Vault XP percentage of total XP
 D = Non-vault monster count
 E = Vault monster count
 F = Vault count percentage of total count
                 A         B        C        D         E       F
            +---------+---------+-------+---------+---------+-------
      Total |     182 |      45 |  19.8 |      62 |      18 |  22.5
            +---------+---------+-------+---------+---------+-------
        D:1 |      48 |       0 |   0.0 |      28 |       0 |   0.0
        D:2 |      63 |       9 |  12.5 |      22 |       6 |  21.4
        D:3 |      71 |      36 |  33.6 |      12 |      12 |  50.0
            +---------+---------+-------+---------+---------+-------
